 Dungeon Crawl Stone Soup version 0.31-a0-1338-gb567cfdca4 (webtiles) character file.

Game seed: 8983467462682227244

9 wildpjah the Trooper (level 2, 27/27 HPs)
             Began as a Hill Orc Fighter on Dec 22, 2023.
             Quit the game on level 1 of the Dungeon.
             The game lasted 00:00:34 (100 turns).

wildpjah the Trooper (Hill Orc Fighter)              Turns: 100, Time: 00:00:35

Health: 27/27      AC:  6    Str: 18    XL:     2   Next: 16%
Magic:  2/2        EV:  9    Int:  8    God:
Gold:   32         SH:  4    Dex: 10    Spells: 1/1 levels left

rFire   . . .        a - +0 long sword
rCold   . . .        c - +0 buckler
rNeg    . . .        b - +0 scale mail
rPois   .            (no helmet)
rElec   .            (no cloak)
rCorr   .            (no gloves)
SInv    .            (no boots)
Will    .....        (no amulet) Stlth
                     (no ring)
HPRegen 0.24/turn    (no ring)
MPRegen 0.08/turn

%: no passive effects
@: no status effects
A: no striking features
a: no special abilities


You were on level 1 of the Dungeon.
You visited 1 branch of the dungeon, and saw 1 of its levels.

You collected 32 gold pieces.

Inventory:

Hand Weapons
 a - a +0 long sword (weapon)
Armour
 b - a +0 scale mail (worn)
 c - a +0 buckler (worn)
Scrolls
 e - a scroll of teleportation {unknown}
Potions
 d - 3 potions of might


   Skills:
 + Level 3.9 Fighting
 + Level 2.4 Long Blades
 + Level 3.4 Armour
 + Level 3.4 Shields


You had one spell level left.
You didn't know any spells.
Your spell library was empty.

Dungeon Overview and Level Annotations

Branches:
Dungeon (1/15)

Altars:


Message History

A ball python comes into view.
The ball python hisses angrily.
You slash the ball python!
You kill the ball python!
No target in view!
No target in view!
A frilled lizard comes into view.
You see here a scroll labelled BAUSEF CYMNES.
A kobold comes into view. It is wielding a +0 short sword.
The kobold shouts!
You block the frilled lizard's attack.
You miss the frilled lizard.
The frilled lizard bites you but does no damage.
You hit the frilled lizard.
You kill the frilled lizard!
A kobold comes into view. It is wielding a +0 club.
You have reached level 2!
The kobold shouts!
You see here a frilled lizard corpse.
You barely miss the kobold.
The kobold hits you with a +0 short sword.
You hit the kobold.
You kill the kobold!
Things that are here:
a +0 short sword; a kobold corpse You closely miss the kobold.
The kobold barely misses you. The kobold hits you but does no damage.
You barely miss the kobold. The kobold hits you but does no damage.
You miss the kobold. The kobold barely misses you.
You completely miss the kobold. The kobold completely misses you.
The kobold hits you but does no damage.
You closely miss the kobold. The kobold hits you but does no damage.
You hit the kobold.
You kill the kobold!
No target in view!
No target in view!
You see here a frilled lizard corpse.
e - a scroll labelled BAUSEF CYMNES Unknown command.
Are you sure you want to abandon this character and quit the game? (Confirm with "yes".)

#P.....P#~#P............#
..........................#
......#..................)..#
........####.......##..##†.....
.................#......#.#.###
........# ##.......[....#.#.#
........###.............#.#.#
.........##...#......#.#.#
......))†..@.##......#.#
..###..................#
#######..###.##..... .........
..... ............#..
###....#... . . #.......## #.
#....#.##


There were no monsters in sight!

Vanquished Creatures
  A goblin (D:1)
  A hobgoblin (D:1)
  3 kobolds (D:1)
  A ball python (D:1)
  3 frilled lizards (D:1)
9 creatures vanquished.

Notes
Turn   | Place    | Note
-------+----------+-------------------------------------------
     0 | D:1      | wildpjah the Hill Orc Fighter began the quest for the Orb.
     0 | D:1      | Reached XP level 1. HP: 19/19 MP: 1/1
    79 | D:1      | Reached XP level 2. HP: 27/27 MP: 2/2
   100 | D:1      | Quit the game

Illustrated notes

Levels and vault maps discovered:
D:1:      eino_arrival_water_cross, layout_rooms, roderic_lattice_a,
          chequers_serial_rivers_room_a

Action                     || total
---------------------------++-------
  Melee: Long sword        ||    26
 Armour: Scale mail        ||    15
  Dodge: Dodged            ||    13
  Block: Buckler           ||     7

Table legend: (Time is in decaauts)
 A = Elapsed time spent in this place.
 B = Non-inter-level travel time spent in this place.
 C = Inter-level travel time spent in this place.
 D = Time resting spent in this place.
 E = Time spent auto-exploring this place.
 F = Levels seen in this place.
 G = Mean time per level.
                   A        B        C        D        E       F      G
               +--------+--------+--------+--------+--------+-----+--------+
         Total |    108 |    108 |      0 |      0 |     52 |   1 |  108.0 |
       Dungeon |    108 |    108 |      0 |      0 |     52 |   1 |  108.0 |
               +--------+--------+--------+--------+--------+-----+--------+

Top non-repeatable levels by time:
     D:1: 108 daAuts
